 Dungeon Crawl Stone Soup version 0.30-a0-691-g754fce4c43 (webtiles) character file.

Game seed: 4510725085189627623

47 zero the Digger (level 3, -3/21 HPs)
             Began as a Gargoyle Earth Elementalist on Jan 19, 2023.
             Slain by Grinder (9 damage)
             ... on level 3 of the Dungeon.
             The game lasted 00:02:07 (2163 turns).

zero the Digger (Gargoyle Earth Elementalist)       Turns: 2163, Time: 00:02:07

Health: -3/21      AC:  9    Str: 11    XL:     3   Next: 70%
Magic:  1/6        EV: 11    Int: 17    God:
Gold:   145        SH:  0    Dex: 10    Spells: 3/7 levels left

rFire   . . .      SeeInvis .    f - +0 dagger
rCold   + . .      Faith    .    (no shield)
rNeg    + . .      Spirit   .    a - +0 robe
rPois   ∞          Reflect  .    k - +2 helmet
rElec   +          Harm     .    (no cloak)
rCorr   .          Rampage  .    (no gloves)
Will    .....                    e - +0 pair of boots
Stlth   ++                       (no amulet)
HPRegen 0.23/turn                p - ring of protection from cold
MPRegen 0.10/turn                (no ring)

@: no status effects
A: sickness immunity, AC +3, negative energy resistance 1, electricity
resistance, torment resistance 1, petrification resistance
a: no special abilities


You were on level 3 of the Dungeon.
You visited 1 branch of the dungeon, and saw 3 of its levels.

You collected 145 gold pieces.

Inventory:

Hand Weapons
 f - a +0 dagger (weapon)
Missiles
 l - 3 datura-tipped darts
 v - 4 javelins
Armour
 a - a +0 robe (worn)
 e - a +0 pair of boots (worn)
 k - a +2 helmet (worn)
Jewellery
 p - a ring of protection from cold (left hand)
Wands
 u - a wand of digging (7)
Scrolls
 d - a scroll of vulnerability {unknown}
 g - 3 scrolls of teleportation {unknown}
 i - 2 scrolls of identify {unknown}
 j - a scroll of poison {unknown}
 s - 2 scrolls of amnesia {unknown}
Potions
 b - 2 potions of magic
 c - a potion of curing {unknown}
 h - 2 potions of heal wounds {unknown}
 m - a potion of flight {unknown}
 n - a potion of mutation {unknown}
 o - 4 potions of berserk rage {unknown}
 q - 2 potions of might {unknown}
 r - 2 potions of brilliance {unknown}
 t - a potion of attraction {unknown}


   Skills:
 * Level 1.9 Fighting
 - Level 1.5 Dodging
 - Level 2.1 Stealth
 + Level 2.5 Spellcasting
 + Level 1.2 Conjurations
 - Level 0.7 Transmutations
 + Level 4.0 Earth Magic


You had 3 spell levels left.
You knew the following spells:

 Your Spells              Type           Power      Damage    Failure   Level
a - Sandblast             Erth           30%        2d9       3%          1
b - Stone Arrow           Conj/Erth      22%        3d8       19%         3

Your spell library contained the following spells:

 Spells                   Type           Power      Damage    Failure   Level
 Passwall                 Tmut/Erth      8%         N/A       11%         2
 Petrify                  Tmut/Erth      10%        N/A       56%         4


Dungeon Overview and Level Annotations

Branches:
Dungeon (3/15)

Altars:
Ru

Annotations:
D:3 Grinder


Innate Abilities, Weirdness & Mutations

You are immune to sickness and miasma.
Your stone body is resilient. (AC +3)
You are immune to poison.
You resist negative energy. (rN+)
You are resistant to electric shocks. (rElec)
You are resistant to unholy torment.
You are immune to petrification.


Message History

You hit the quokka.
The quokka is almost dead.
The quokka bites you but does no damage.
A quokka is nearby!
The blast of sand misses the quokka.
The quokka closely misses you.
The quokka bites you but does no damage.
You hit the quokka but do no damage.
The quokka is almost dead.
The quokka closely misses you.
A quokka is nearby!
You closely miss the quokka.
The quokka is almost dead.
The quokka bites you but does no damage.
A quokka is nearby!
The blast of sand misses the quokka.
The quokka closely misses you.
The quokka bites you but does no damage.
You hit the quokka.
You kill the quokka!
Grinder is nearby!
Grinder shouts!
Grinder is nearby!
The blast of sand hits Grinder.
Grinder is lightly wounded.
Grinder blinks!
No target in view!
Grinder is nearby!
The blast of sand hits Grinder.
Grinder is moderately wounded.
The blast of sand misses Grinder.
The blast of sand misses Grinder.
Grinder hits you.
You writhe in agony.
Casting: Sandblast (safe; 3% risk of failure)
Confirm with . or Enter, or press ? or * to list all spells.
You don't have enough magic to cast this spell.
Unknown command.
The blast of sand hits Grinder!
Grinder is heavily wounded.
Grinder hits you!
You writhe in agony.
* * * LOW HITPOINT WARNING * * *
Grinder hits you!
You die...

#.# #.# #.# #.# #.# ..
##.##
....###...###############
......5@................#
..#.###...#######.##.##.#
##.## #.##.##.# #.# #.#
#.##.##.# #.# #.#
#.##.##.# #.# ##'##
######.#### ... ##...##
#.......... #.####
##.....## #.####.####
#.##.##
##.......###.#.......#


You could see Grinder.

Vanquished Creatures
  An adder (D:3)
  2 bats (D:2)
  4 endoplasms
  A giant cockroach (D:1)
  7 goblins
  2 hobgoblins
  2 quokkas
  4 ball pythons
  A frilled lizard (D:2)
  6 kobolds
  3 rats (D:2)
33 creatures vanquished.

Notes
Turn   | Place    | Note
-------+----------+-------------------------------------------
     0 | D:1      | zero the Gargoyle Earth Elementalist began the quest for
                  | the Orb.
     0 | D:1      | Reached XP level 1. HP: 10/10 MP: 3/3
   309 | D:1      | Reached XP level 2. HP: 15/16 MP: 1/5
   688 | D:1      | Reached skill level 1 in Fighting
  1022 | D:2      | Reached XP level 3. HP: 20/20 MP: 3/6
  1026 | D:2      | Learned a level 3 spell: Stone Arrow
  1062 | D:2      | Reached skill level 1 in Conjurations
  1966 | D:3      | Found a sacrificial altar of Ru.
  1971 | D:3      | Reached skill level 4 in Earth Magic
  2058 | D:3      | Noticed Grinder
  2163 | D:3      | Slain by Grinder

Illustrated notes

Levels and vault maps discovered:
D:1:      zelgadis_glass_arrival_large, layout_basic
D:2:      layout_basic
D:3:      minmay_chambers_of_twos, layout_loops_corners,
          nicolae_ru_sacrificial_ziggurat, ebering_ecumenical_altar_box,
          hangedman_decor_points, uniq_grinder

Skill      XL: |  1  2  3 |
---------------+----------+-----
Fighting       | 1 |  1.9
Conjurations   | 1 |  1.2
Earth Magic    | 4 |  4.0
Dodging        | |  1.5
Stealth        | |  2.1
Spellcasting   | |  2.5
Transmutations | |  0.7

Action                   || total
-------------------------++-------
Melee: Dagger            ||    11
 Cast: Sandblast         ||    42
 Stab: Sleeping          ||     1
Armor: Robe              ||    16
Dodge: Dodged            ||    10

Table legend: (Time is in decaauts)
 A = Elapsed time spent in this place.
 B = Non-inter-level travel time spent in this place.
 C = Inter-level travel time spent in this place.
 D = Time resting spent in this place.
 E = Time spent auto-exploring this place.
 F = Levels seen in this place.
 G = Mean time per level.
                   A        B        C        D        E       F      G
               +--------+--------+--------+--------+--------+-----+--------+
         Total |   2182 |   2076 |    106 |     48 |   1771 |   3 |  727.3 |
       Dungeon |   2182 |   2076 |    106 |     48 |   1771 |   3 |  727.3 |
               +--------+--------+--------+--------+--------+-----+--------+

Top non-repeatable levels by time:
     D:2: 932 daAuts
     D:1: 909 daAuts
     D:3: 340 daAuts
